 Dungeon Crawl Stone Soup version 0.16-a0-2296-gdce89d5 (webtiles) character file.

17934 PolkaDot the Martial Artist (level 12, -1/117 HPs)
             Began as a Demonspawn Monk on Nov 17, 2014.
             Slain by an adder (2 damage)
             ... summoned by braks' ghost
             ... on level 2 of the Lair of Beasts.
             The game lasted 00:40:50 (17007 turns).

PolkaDot the Martial Artist (Demonspawn Monk)      Turns: 17007, Time: 00:40:50

Health: -1/117     AC: 20    Str: 12    XL:     12   Next: 23%
Magic:  0/9        EV: 13    Int: 13    God:
Gold:   756        SH:  0    Dex: 19    Spells: 0 memorised, 11 levels left

rFire  . . .     SeeInvis .       - Unarmed
rCold  . . .     Clarity  .     c - +0 leather armour
rNeg   . . .     SustAb   .     (no shield)
rPois  .         Gourm    .     t - +2 hat
rElec  .         Spirit   +     d - +0 cloak
rCorr  .         Warding  .     f - +0 pair of gloves
rMut   .         Stasis   .     (no boots)
MR     .....                    C - amulet of faith
Stlth  ++........               a - +5 ring of protection
                                j - +5 ring of protection

@: constricted, heavily drained, not resistant to hostile enchantments,
unstealthy
A: horns 1, rugged brown scales 3, blink 1, low mp 2, robust 1, wild magic 1,
magic shield, magic regeneration, magic link, MP-powered wands 1
a: Blink


You were on level 2 of the Lair of Beasts.
You were hungry.

You visited 2 branches of the dungeon, and saw 12 of its levels.
You also visited: Sewer.

You collected 756 gold pieces.

Inventory:

Armour
 c - a +0 leather armour (worn)
 d - a +0 cloak (worn)
 f - a +0 pair of gloves (worn)
 t - a +2 hat (worn)
Jewellery
 a - a +5 ring of protection (right hand)
 j - a +5 ring of protection (left hand)
 C - an amulet of faith (around neck)
Magical devices
 w - a wand of digging (11)
 x - a wand of paralysis (0)
 A - a wand of fire (0)
 D - a wand of lightning (0)
 G - a wand of disintegration (8)
Scrolls
 e - 5 scrolls of remove curse
 h - a scroll of amnesia
 k - 3 scrolls of magic mapping
 o - 3 scrolls of fog
 p - 10 scrolls of recharging
 y - 4 scrolls of identify
 E - a scroll of enchant weapon
Potions
 g - 2 potions of cancellation
 n - 2 potions of restore abilities
 s - 3 potions of flight
 u - a potion of brilliance
Comestibles
 b - 4 bread rations
 i - 5 meat rations
 l - 7 chunks of flesh
 m - 4 beef jerkies
 r - 8 royal jellies
 z - 9 fruits
 F - a slice of pizza


   Skills:
 + Level 11.4(9.7) Fighting
   Level 2.2(0.8) Polearms
 + Level 2.1(0.7) Armour
 - Level 5.1(3.6) Dodging
 - Level 1.7(0.4) Stealth
 * Level 14.4(12.5) Unarmed Combat


You had 11 spell levels left.
You didn't know any spells.

Dungeon Overview and Level Annotations

Branches:
Dungeon (10/15)            Temple (0/1) D:7            Lair (2/8) D:10
    Orc: D:9-12

Altars:
Ashenzari
Cheibriados
Dithmenos
Elyvilon
Fedhas
Gozag
Kikubaaqudgha
Makhleb
Nemelex Xobeh
Okawaru
Qazlal
Ru
The Shining One

Annotations:
Lair:2 braks' ghost, powerful DrTm


Innate Abilities, Weirdness & Mutations

You have a pair of small horns on your head.
You are completely covered in rugged brown scales (AC +3, +7% HP).
When hurt, damage is shared between your health and your magic reserves.
You regenerate magic rapidly.
When low on magic, you restore magic in place of health.
You can translocate small distances at will.
Your magical capacity is very low (-20% MP).
You are robust (+10% HP).
Your spells are a little harder to cast, but a little more powerful.
You expend magic power (6 MP) to slightly strengthen your wands.


Message History

The ball python bites the plant but does no damage.
The ball python constricts the plant.
The ball python completely misses the plant.
The ball python grabs the plant.
The ball python constricts the plant.
The adder bites you but does no damage.
The ball python bites you but does no damage.
The adder bites you.
The ball python bites you but does no damage.
The ball python constricts you.
The adder bites the plant.
You turn to flesh and can move again.
Unknown command.
Your attempt to break free from the ball python fails, but you feel that another attempt might succeed.
The adder closely misses you. The adder barely misses you.
The ball python bites the plant but does no damage.
The ball python constricts the plant.
The basilisk bites you.
* * * LOW HITPOINT WARNING * * *
The ball python bites the plant but does no damage.
The ball python constricts the plant.
The ball python barely misses you. The adder bites you.
You die...

♣................
♣..#.......D..... .
♣.##.............
..♣♣♣♣♣♣†#.W..##..D.....
..........##....#........
..........##...##........
........SS##.....#)......
......SSlS#........P....#
...PPPPP@SSS.............
...P≈SSPSSS..............
..P≈≈SPWS#..............
...P≈≈≈PSS#....#.........
...PPPPPS..÷<......l.....
........P.#....##........
..P..####.....#.........
...#. #............... ..
. .P#.....##........


You could see a basilisk, braks' ghost, 5 adders and 13 ball pythons.

Vanquished Creatures
  2 hydras (Lair:1)
  Pikel (D:4)
  2 black mambas
  An elephant (D:10)
  2 gargoyles (D:10)
  The ghost of PolkaDot the Cleaver, an experienced HOGl of Beogh (D:5)
  4 spiny frogs
  2 komodo dragons (Lair:1)
  A redback zombie (D:10)
  A fire drake (Lair:1)
  Grinder (D:6)
  A queen bee (D:9)
  A troll (D:10)
  A fire elemental (Lair:2)
  A deep elf mage (D:10)
  23 yaks
  A hungry ghost (D:10)
  3 porcupines (Lair:1)
  11 wolves (Lair:1)
  A water moccasin (D:6)
  Purgy (Sewer)
  2 sky beasts
  4 ogres
  3 orc warriors
  A yellow wasp (D:10)
  2 phantoms (D:5)
  4 centaurs
  3 ice beasts
  4 slaves (D:4)
  2 crocodiles
  2 big kobolds
  A gnoll sergeant (D:5)
  Blork the orc (D:7)
  10 giant frogs
  3 scorpions
  A water moccasin zombie (D:6)
  A water moccasin skeleton (D:6)
  16 killer bees
  3 wyvern skeletons
  A quasit (D:9)
  3 wights (D:8)
  An electric eel (Lair:2)
  3 goliath beetles
  11 hounds
  3 orc priests (D:10)
  A yellow wasp zombie (D:8)
  2 crimson imps
  4 centaur zombies (D:6)
  Crazy Yiuf (D:2)
  2 giant frog skeletons
  A gnoll shaman (D:8)
  4 jellies
  8 iguanas
  7 worker ants
  An orc wizard (D:10)
  A killer bee zombie (D:9)
  A sheep (D:10)
  A hound zombie (D:6)
  19 adders
  A worker ant zombie (D:5)
  4 gnolls (D:8)
  A shadow imp (D:8)
  A giant mite (D:5)
  3 green rats
  3 worms
  11 giant geckos
  4 oozes
  21 orcs
  5 giant cockroaches
  12 goblins
  10 hobgoblins
  7 jackals
  5 quokkas
  11 ball pythons
  20 bats
  5 giant newts
  26 kobolds
  14 rats
  2 ballistomycetes (D:10)
  A fungus (D:2)
367 creatures vanquished.

Vanquished Creatures (others)
  2 adders (Lair:2)
  A ball python (Lair:2)
  A giant spore (D:10)
4 creatures vanquished.

Grand Total: 371 creatures vanquished

Notes
Turn   | Place    | Note
--------------------------------------------------------------
     0 | D:1      | PolkaDot, the Demonspawn Monk, began the quest for the Orb.
     0 | D:1      | Reached XP level 1. HP: 18/18 MP: 1/1
   136 | D:1      | Gained mutation: You are partially covered in rugged brown scales (AC +1, +3% HP). [demonic ancestry]
   136 | D:1      | Reached XP level 2. HP: 10/24 MP: 2/2
   427 | D:1      | Reached skill level 4 in Unarmed Combat
  1105 | D:1      | Gained mutation: You are mostly covered in rugged brown scales (AC +2, +5% HP). [demonic ancestry]
  1105 | D:1      | Reached XP level 3. HP: 22/30 MP: 3/3
  1376 | D:2      | Gained mutation: When hurt, damage is shared between your health and your magic reserves. [demonic ancestry]
  1376 | D:2      | Reached XP level 4. HP: 14/38 MP: 4/4
  1647 | D:2      | Found an ancient bone altar of Kikubaaqudgha.
  1648 | D:2      | Found a blossoming altar of Fedhas.
  2468 | D:2      | Gained mutation: You are robust (+10% HP). [potion of mutation]
  2468 | D:2      | Gained mutation: You expend magic power (6 MP) to slightly strengthen your wands. [potion of mutation]
  2468 | D:2      | Gained mutation: Your magical capacity is low (-10% MP). [potion of mutation]
  2474 | D:2      | Noticed Crazy Yiuf
  2481 | D:2      | Killed Crazy Yiuf
  2481 | D:2      | Reached skill level 5 in Unarmed Combat
  2891 | D:3      | Reached XP level 5. HP: 42/48 MP: 4/4
  3036 | D:3      | Found an iron altar of Okawaru.
  3614 | D:4      | Noticed a slave
  3614 | D:4      | Noticed a slave
  3617 | D:4      | Noticed Pikel
  3617 | D:4      | Noticed a slave
  3620 | D:4      | Noticed a slave
  3625 | D:4      | Killed a slave
  3632 | D:4      | Killed a slave
  3635 | D:4      | Killed a slave
  3638 | D:4      | Killed a slave
  3704 | D:4      | Killed Pikel
  3704 | D:4      | Reached skill level 5 in Fighting
  3704 | D:4      | Reached skill level 7 in Unarmed Combat
  3704 | D:4      | Reached XP level 6. HP: 17/58 MP: 5/5
  3704 | D:4      | Gained mutation: You regenerate magic rapidly. [demonic ancestry]
  3704 | D:4      | Reached XP level 7. HP: 18/64 MP: 6/6
  3902 | D:4      | Found a white marble altar of Elyvilon.
  4238 | D:4      | Found a shattered altar of Ashenzari.
  4687 | D:4      | Found a sparkling altar of Nemelex Xobeh.
  4811 | D:5      | Entered Level 5 of the Dungeon
  4816 | D:5      | Noticed PolkaDot's ghost (experienced HOGl)
  4830 | D:5      | Killed PolkaDot's ghost
  4830 | D:5      | Reached skill level 8 in Unarmed Combat
  4830 | D:5      | Gained mutation: You have a pair of small horns on your head. [demonic ancestry]
  4830 | D:5      | Reached XP level 8. HP: 29/73 MP: 2/7
  5926 | D:5      | Found a stormy altar of Qazlal.
  6118 | D:5      | Found a glowing golden altar of the Shining One.
  6586 | D:6      | Found a glowing drain.
  6640 | Sewer    | Entered a sewer
  6673 | Sewer    | Noticed Purgy
  6686 | Sewer    | Killed Purgy
  6686 | Sewer    | Reached skill level 9 in Unarmed Combat
  6891 | D:6      | Noticed Grinder
  6911 | D:6      | Killed Grinder
  6911 | D:6      | Gained mutation: You are completely covered in rugged brown scales (AC +3, +7% HP). [demonic ancestry]
  6911 | D:6      | Reached XP level 9. HP: 39/84 MP: 6/8
  7223 | D:6      | Found a snail-covered altar of Cheibriados.
  7244 | D:6      | Reached skill level 10 in Unarmed Combat
  8506 | D:7      | Found a staircase to the Ecumenical Temple.
  8798 | D:7      | Noticed Blork the orc
  8808 | D:7      | Killed Blork the orc
  8881 | D:7      | Reached skill level 11 in Unarmed Combat
  8909 | D:7      | Found a burning altar of Makhleb.
  9546 | D:8      | Gained mutation: When low on magic, you restore magic in place of health. [demonic ancestry]
  9546 | D:8      | Reached XP level 10. HP: 95/95 MP: 9/9
  9562 | D:8      | Found an opulent altar of Gozag.
  9680 | D:8      | Gained mutation: Your magical capacity is very low (-20% MP). [mutagenic meat]
  9681 | D:8      | Gained mutation: You can translocate small distances at will. [mutagenic meat]
  9682 | D:8      | Gained mutation: Your spells are a little harder to cast, but a little more powerful. [mutagenic meat]
  9786 | D:8      | Found a sacrificial altar of Ru.
 10219 | D:9      | HP: 4/97 [killer bee (11)]
 10474 | D:9      | Got a twisted spear
 10486 | D:9      | Identified the +5 spear of Disarray {distort, Noisy +Inv +Fly rPois Int-2 SInv} (You found it on level 9 of the Dungeon)
 10565 | D:9      | Reached skill level 1 in Polearms
 10692 | D:9      | Found a shadowy altar of Dithmenos.
 11485 | D:10     | Entered Level 10 of the Dungeon
 11517 | D:10     | Reached skill level 12 in Unarmed Combat
 11678 | D:10     | Found a staircase to the Lair.
 11678 | D:10     | Noticed an elephant
 11719 | D:10     | Killed an elephant
 11968 | D:10     | Reached skill level 10 in Fighting
 12400 | D:10     | Reached XP level 11. HP: 55/106 MP: 4/8
 12912 | Lair:1   | Entered Level 1 of the Lair of Beasts
 13213 | Lair:1   | Reached skill level 13 in Unarmed Combat
 13355 | Lair:1   | Noticed a four-headed hydra
 13368 | Lair:1   | Killed a four-headed hydra
 13556 | Lair:1   | Noticed a seven-headed hydra
 14931 | Lair:2   | Noticed braks' ghost (powerful DrTm)
 14972 | Lair:2   | Identified a scroll of acquirement
 14973 | Lair:2   | Got a polished animal skin
 15452 | Lair:1   | Killed a seven-headed hydra
 15784 | Lair:1   | Reached skill level 5 in Dodging
 15784 | Lair:1   | Reached skill level 14 in Unarmed Combat
 15815 | Lair:1   | Identified the +1 animal skin of Negation {rN+} (You acquired it on level 2 of the Lair of Beasts)
 16077 | Lair:2   | Reached XP level 12. HP: 87/117 MP: 7/9
 16360 | Lair:1   | Reached skill level 1 in Armour
 16985 | Lair:2   | Noticed a seven-headed hydra
 17004 | Lair:2   | HP: 4/117 [basilisk (3)]
 17007 | Lair:2   | HP: 1/117 [basilisk (4)]
 17007 | Lair:2   | Slain by an adder

Action                   |  1- 3 |  4- 6 |  7- 9 | 10-12 || total
-------------------------+-------+-------+-------+-------++-------
Melee: Unarmed           |   145 |   191 |   524 |   735 ||  1595
       Spear             |       |       |       |    46 ||    46
 Abil: Blink             |       |       |       |     4 ||     4
Evoke: Wand              |       |       |       |     7 ||     7
  Use: Potion            |       |    16 |     3 |     7 ||    26
       Scroll            |       |       |     7 |     8 ||    15
 Stab: Sleeping          |       |     2 |     6 |     4 ||    12
       Distracted        |       |     1 |     1 |     3 ||     5
  Eat: Chunk             |     2 |     7 |    20 |    19 ||    48
       Bread ration      |       |       |       |     2 ||     2
